General information
			
			
        
        - name: noac
 
        - type: Custom game
 
        - host: taydawg
 
        - saver: MrFrosty
 
        
map: EchoIsles 
        - players: 3
 
        - length: 10:18
 
        - speed: Fast
 - version: 1.22 W3XP
 - replay type:  Public
 
» download(39 KB)
Players
        team 1 (loser) 
              
              
taydawg (
red | 70 APM | 719 actions | 10:17)
              
 3 Keeper of the Grove 
 2 Entangling Roots
 1 Thorns Aura
 1 Naga Sea Witch 
 1 Frost Arrows
 
                » actions 
                
                | Assign group hotkey | 1 |  | 
| Basic commands | 2 |  | 
| Build / train | 33 |  | 
| ESC pressed | 1 |  | 
| Enter build submenu | 10 |  | 
| Enter hero's abilities submenu | 5 |  | 
| Right click | 425 |  | 
| Select / deselect | 211 |  | 
| Select group hotkey | 1 |  | 
| Use ability | 30 |  | 
                719 total
 » units 
                » upgrades
                
                | Strength of the Moon | 1 |  | 
| Moon Armor | 1 |  | 
                2 total
 » buildings
                
                | Altar of Elders | 1 |  | 
| Moon Well | 4 |  | 
| Ancient of War | 2 |  | 
| Hunter's Hall | 1 |  | 
| Tree of Ages | 1 |  | 
| Ancient of Wonders | 1 |  | 
| Ancient of Lore | 1 |  | 
                11 total
 » build order
                00:02 Altar of Elders
00:04 Moon Well
01:25 Ancient of War
01:54 Hunter's Hall
02:14 Moon Well
02:27 Ancient of War
03:19 Moon Well
04:35 Tree of Ages
06:11 Moon Well
06:49 Ancient of Wonders
07:54 Ancient of Lore
 
               team 2 (winner) 
              
              
MrFrosty (
blue | 126 APM | 1296 actions | 10:18)
              
 5 Archmage 
 3 Summon Water Elemental
 2 Brilliance Aura
 1 Mountain King 
 1 Storm Bolt
 
                » actions 
                
                | Assign group hotkey | 16 |  | 
| Basic commands | 20 |  | 
| Build / train | 35 |  | 
| Enter build submenu | 12 |  | 
| Enter hero's abilities submenu | 6 |  | 
| Right click | 711 |  | 
| Select / deselect | 231 |  | 
| Select group hotkey | 222 |  | 
| Use ability | 43 |  | 
                1296 total
 » units 
                
                | Peasant | 8 |  | 
| Footman | 7 |  | 
| Forest Troll Shadow Priest | 2 |  | 
| Forest Troll Berserker | 2 |  | 
| Rifleman | 2 |  | 
| Priest | 1 |  | 
| Sorceress | 1 |  | 
                23 total
 » buildings
                
                | Altar of Kings | 1 |  | 
| Farm | 6 |  | 
| Barracks | 1 |  | 
| Scout Tower | 1 |  | 
| Arcane Tower | 1 |  | 
| Keep | 1 |  | 
| Blacksmith | 1 |  | 
| Arcane Sanctum | 1 |  | 
| Arcane Vault | 1 |  | 
                14 total
 » build order
                00:06 Altar of Kings
00:20 Farm
00:22 Barracks
01:16 Farm
01:37 Farm
02:28 Farm
02:29 Scout Tower
03:06 Arcane Tower
04:03 Farm
04:59 Keep
05:10 Farm
05:52 Blacksmith
07:44 Arcane Sanctum
09:00 Arcane Vault
» items
                 
               observers2xPower Chat log
          
(09:36 / All) MrFrosty: you would think you could buy a decent internet connection